 Dungeon Crawl Stone Soup version 0.24-a0-479-g9a978d2894 (webtiles) character file.

Game seed: 15569950211706336853

233 Sodenhack the Magician (level 5, -5/46 HPs)
             Began as a Troll Wizard on July 8, 2019.
             Slain by an iguana (9 damage)
             ... while paralysed
             ... on level 4 of the Dungeon.
             The game lasted 00:19:47 (2416 turns).

Sodenhack the Magician (Troll Wizard)               Turns: 2416, Time: 00:19:48

Health: -5/46      AC:  6    Str: 15    XL:     5   Next: 75%
Magic:  8/8        EV:  1    Int: 15    God:
Gold:   275        SH:  0    Dex:  8    Spells: 5/10 levels left

rFire    . . .     SeeInvis .     - Unarmed
rCold    . . .     Gourm    +   (no shield)
rNeg     . . .     Faith    .   a - +0 robe
rPois    .         Spirit   .   b - +0 hat
rElec    .         Reflect  .   (no cloak)
rCorr    .         Harm     .   (gloves unavailable)
MR       .....                  (boots unavailable)
Stlth    +.........             (no amulet)
HPRegen  0.55/turn              (no ring)
MPRegen  0.11/turn              (no ring)

@: paralysed
A: large, unfitting armour, claws 3, fast metabolism 3, gourmand, regeneration
1, shaggy fur 1, tough skin 3
a: no special abilities


You were on level 4 of the Dungeon.
You were not hungry.

You visited 1 branch of the dungeon, and saw 4 of its levels.

You collected 275 gold pieces.

Inventory:

Hand Weapons
 c - a +0 club
Armour
 a - a +0 robe (worn)
 b - a +0 hat (worn)
 n - a +0 animal skin
Scrolls
 f - 5 scrolls of identify {unknown}
 g - 2 scrolls of remove curse {unknown}
 l - 4 scrolls of teleportation {unknown}
 m - a scroll of random uselessness {unknown}
Potions
 e - 3 potions of heal wounds {unknown}
 h - 2 potions of curing
 i - a potion of resistance {unknown}
 j - a potion of brilliance {unknown}
 k - a potion of lignification {unknown}
 o - 2 potions of agility {unknown}
 p - a potion of degeneration {unknown}
 r - a potion of flight {unknown}
Comestibles
 d - 7 rations
 q - a chunk of flesh


   Skills:
 + Level 0.6 Fighting
 + Level 2.5 Dodging
 + Level 1.1 Stealth
 + Level 2.5 Unarmed Combat
 + Level 3.0 Spellcasting
 + Level 1.0 Conjurations
 + Level 1.0 Summonings
 + Level 0.9 Translocations


You had 5 spell levels left.
You knew the following spells:

 Your Spells              Type           Power        Failure   Level  Hunger
a - Magic Dart            Conj           #...         13%         1    #......
b - Blink                 Tloc           N/A          22%         2    ##.....
c - Call Imp              Summ           #.......     21%         2    ##.....

Your spell library contained the following spells:

 Spells                   Type           Power        Failure   Level  Hunger
 Slow                     Hex            #.......     30%         2    ##.....
 Conjure Flame            Conj/Fire      #.......     43%         3    ###....
 Mephitic Cloud           Conj/Pois/Air  #.......     45%         3    ###....


Dungeon Overview and Level Annotations

Branches:
Dungeon (4/15)
 Temple: D:4-7

Altars:
Dithmenos
Wu Jian

Shops:
D:4 (


Innate Abilities, Weirdness & Mutations

You are too large for most types of armour.
You have claws for hands.
Your metabolism is lightning-fast.
You like to eat raw meat.
Your natural rate of healing is unusually fast.
You are covered in fur. (AC +1)
You have extremely tough skin. (AC +3)


Message History

The iguana is almost dead.
The iguana bites you.
* * * LOW HITPOINT WARNING * * *
The frilled lizard bites you.
* * * LOW HITPOINT WARNING * * *
You don't have the energy to cast that spell.
You don't have the energy to cast that spell.
You barely miss the iguana.
The iguana is almost dead.
You lose consciousness!
As you are about to starve, you manage to eat something.
You eat one of the 8 rations.
That ration really hit the spot!
The iguana bites you.
* * * LOW HITPOINT WARNING * * *
The frilled lizard bites you but does no damage.
The iguana bites you but does no damage.
The frilled lizard bites you.
* * * LOW HITPOINT WARNING * * *
The iguana bites you!
You die...

########## #
.........######
### #.......o.
..# #.#.######
#.# #.#.# # #.#
#.#.# # #.# #.#o#
# #l# #.#)# ##
#@# #.#.# ... #l#
#.#.##.### #S#
#.(S...... #S#
###.##..##
#{#########.##..#
#o...S..........#
###########.....#
#######


You could see an iguana, 2 adders, an orc and a frilled lizard.

Vanquished Creatures
  A crimson imp (D:2)
  An orc wizard (D:4)
  3 worker ants (D:4)
  Robin (D:2)
  2 adders (D:2)
  An ooze (D:2)
  3 worms
  An orc (D:3)
  12 goblins
  7 hobgoblins
  4 jackals (D:1)
  A quokka (D:2)
  A ball python (D:1)
  4 bats
  A frilled lizard (D:2)
  10 kobolds
  3 rats
56 creatures vanquished.

Vanquished Creatures (collateral kills)
  A worker ant (D:4)
  2 adders
  A worm (D:3)
  A leopard gecko (D:3)
  3 orcs (D:4)
  A frilled lizard (D:4)
9 creatures vanquished.

Grand Total: 65 creatures vanquished

Notes
Turn   | Place    | Note
-------+----------+-------------------------------------------
     0 | D:1      | Sodenhack the Troll Wizard began the quest for the Orb.
     0 | D:1      | Reached XP level 1. HP: 16/16 MP: 2/2
   291 | D:1      | Reached XP level 2. HP: 24/24 MP: 4/4
   691 | D:2      | Reached XP level 3. HP: 18/31 MP: 2/5
   878 | D:2      | Noticed Robin
   965 | D:2      | Killed Robin
   965 | D:2      | Reached skill level 1 in Unarmed Combat
  1000 | D:2      | Found a shadowy altar of Dithmenos.
  1009 | D:2      | Reached XP level 4. HP: 39/39 MP: 2/7
  1049 | D:2      | Reached skill level 1 in Conjurations
  1061 | D:2      | Learned a level 2 spell: Blink
  1146 | D:2      | Learned a level 2 spell: Call Imp
  1560 | D:3      | Found an ornate altar of the Wu Jian Council.
  1671 | D:3      | Reached XP level 5. HP: 46/46 MP: 3/8
  2314 | D:4      | Found Kona's Weapon Emporium.
  2331 | D:4      | Reached skill level 1 in Summonings
  2336 | D:4      | Reached skill level 3 in Spellcasting
  2414 | D:4      | Paralysed by fainting for 6 turns
  2416 | D:4      | Slain by an iguana

Levels and vault maps discovered:
D:1:      matt_arrival_refuge, layout_basic, roderic_serpentine_path
D:2:      layout_rooms, nicolae_dithmenos_through_a_glass_darkly, uniq_robin
D:3:      layout_basic, lemuel_doored_altar
D:4:      layout_loops_ring, grunt_temple_overflow_lords_of_destruction,
          temple_fountains, serial_shops, shop, first_ration,
          kennysheep_nondescript, hangedman_decor_clover_reticule

Skill      XL: |  1  2  3  4  5 |
---------------+----------------+-----
Dodging        | 2 |  2.5
Unarmed Combat | 1 2 |  2.5
Conjurations   | 1 |  1.0
Summonings     | 1 |  1.0
Spellcasting   | 3 |  3.0
Fighting       | |  0.6
Stealth        | |  1.1
Translocations | |  0.9

Action                   |  1- 3 |  4- 6 || total
-------------------------+-------+-------++-------
Melee: Unarmed           |   123 |    94 ||   217
       Punch             |       |     1 ||     1
 Cast: Magic Dart        |    17 |    11 ||    28
       Blink             |       |     8 ||     8
       Call Imp          |       |     8 ||     8
  Use: Potion            |       |     1 ||     1
  Eat: Chunk             |    15 |     3 ||    18
       Ration            |       |     1 ||     1
Armor: Robe              |    73 |    53 ||   126
Dodge: Dodged            |    86 |    58 ||   144

Table legend:
 A = Non-vault XP
 B = Vault XP
 C = Vault XP percentage of total XP
 D = Non-vault monster count
 E = Vault monster count
 F = Vault count percentage of total count
                 A         B        C        D         E       F
            +---------+---------+-------+---------+---------+-------
      Total |     303 |      31 |   9.3 |      55 |      10 |  15.4
            +---------+---------+-------+---------+---------+-------
        D:1 |      26 |       0 |   0.0 |      16 |       0 |   0.0
        D:2 |     120 |      31 |  20.5 |      21 |      10 |  32.3
        D:3 |      22 |       0 |   0.0 |       8 |       0 |   0.0
        D:4 |     135 |       0 |   0.0 |      10 |       0 |   0.0
            +---------+---------+-------+---------+---------+-------
